 Dungeon Crawl Stone Soup version 0.27-a0-1144-g0b7d3b79db (webtiles) character file.

Game seed: 6564496900021416123

16 polve the Skirmisher (level 2, -2/21 (24) HPs)
             Began as a Demonspawn Abyssal Knight on May 10, 2021.
             Was an Initiate of Lugonu.
             Killed from afar by Robin (6 damage)
             ... with a puff of flame
             ... on level 1 of the Dungeon.
             The game lasted 00:00:58 (1429 turns).

polve the Skirmisher (Demonspawn Abyssal Knight)    Turns: 1429, Time: 00:00:59

HP:   -2/21 (24)    AC:  3    Str: 12    XL:     2   Next: 41%
MP:   3/3           EV: 11    Int: 13    God:    Lugonu [......]
Gold: 36            SH:  0    Dex: 12    Spells: 1/1 levels left

rFire    . . .     SeeInvis .   g - +2 dagger (drain)
rCold    . . .     Faith    .   (no shield)
rNeg     . . .     Spirit   .   b - +0 leather armour
rPois    .         Reflect  .   (no helmet)
rElec    .         Harm     .   (no cloak)
rCorr    .         Rampage  .   (no gloves)
Will     .....                  (no boots)
Stlth    +.........             (no amulet)
HPRegen  0.07/turn              (no ring)
MPRegen  0.08/turn              (no ring)

@: heavily drained
A: powered by death 1
a: Renounce Religion


You were on level 1 of the Dungeon.
You worshipped Lugonu.
Lugonu was noncommittal.
You visited 1 branch of the dungeon, and saw 2 of its levels.
You visited the Abyss 1 time.

You collected 36 gold pieces.

Inventory:

Hand Weapons
 g - a +2 dagger of draining (weapon)
Armour
 b - a +0 leather armour (worn)
Scrolls
 c - a scroll of amnesia {unknown}
Potions
 d - a potion of curing
 e - a potion of flight {unknown}
 f - a potion of attraction {unknown}


   Skills:
 - Level 3.0 Fighting
 + Level 2.8 Short Blades
 - Level 1.7 Armour
 - Level 0.8 Dodging
 - Level 2.4 Invocations


You had one spell level left.
You didn't know any spells.
Your spell library contained the following spells:

 Spells                   Type           Power      Damage    Failure   Level
 Animate Skeleton         Necr           0%         N/A       36%         1
 Apportation              Tloc           0%         N/A       36%         1
 Corona                   Hex            0%         N/A       36%         1
 Magic Dart               Conj           0%         1d3       36%         1
 Summon Small Mammal      Summ           0%         N/A       36%         1
 Blink                    Tloc           N/A        N/A       52%         2
 Call Imp                 Summ           0%         N/A       52%         2
 Slow                     Hex            0%         N/A       52%         2
 Conjure Flame            Conj/Fire      0%         6-21      75%         3
 Mephitic Cloud           Conj/Pois/Air  0%         N/A       75%         3


Dungeon Overview and Level Annotations

Branches:
Dungeon (2/15)

Altars:

Shops:
D:1 *

Annotations:
D:1 Robin


Innate Abilities, Weirdness & Mutations

You regenerate a little health from kills.


Message History

There is a stone staircase leading down here.
You climb downwards.
Level annotation: Robin A hobgoblin comes into view.
The hobgoblin shouts!
Robin roars a battlecry!
The goblins go into a battle-frenzy!
Robin roars a battlecry!
Found 21 arrows.
There is a stone staircase leading up here.
There are monsters nearby!
There are monsters nearby!
You barely miss Robin. Robin hits you with a +0 short sword.
You barely miss Robin. Robin hits you with a +0 short sword.
You are too injured to fight recklessly!
Robin barely misses you.
You climb upwards.
There is a stone staircase leading down here.
You hit Robin.
Robin is moderately wounded.
Robin hits you with a +0 short sword.
You hit Robin but do no damage.
Robin is moderately wounded.
You hit Robin.
Robin is moderately wounded.
Robin hits you with a +0 short sword.
You hit Robin but do no damage. You drain Robin.
Robin is heavily wounded.
Robin hits you with a +0 short sword.
* * * LOW HITPOINT WARNING * * *
You hit Robin but do no damage. You drain Robin.
Robin is severely wounded.
Robin barely misses you.
You hit Robin.
Robin is almost dead.
Robin barely misses you.
You closely miss Robin.
Robin is almost dead.
Robin zaps a wand.
The puff of flame hits you.
You die...

# ### #.# ###########.#####.##
...................#
######.##.#.#####..# ####
#.##.#..# #..# #... #.##.#..#
#..# #########.## #####.##.#..#
#..# #...........
#......#.#..####..###.#######.#.
#.###.##.#...#.@g...............
#.# #........#.#..###.#######.#.
#.####......##....###.# #.....
#..............)......# #.#.#.
#.######....##.#......#####.#.#.
##.#.).......................#.#.
.....######.....≈..≈≈≈≈≈######.#.
#......#≈≈#.....≈≈.≈≈≈..≈......#.
#......##≈##≈...≈.≈...≈≈≈..#####.


You could see Robin (drained).

Vanquished Creatures
  2 endoplasms (D:1)
  A giant cockroach (D:1)
  3 goblins (D:1)
  4 kobolds (D:1)
  2 ball pythons (D:1)
  3 bats (D:1)
  A rat (D:1)
16 creatures vanquished.

Notes
Turn   | Place    | Note
-------+----------+-------------------------------------------
     0 | Abyss:1  | polve the Demonspawn Abyssal Knight began the quest for the
                  | Orb.
     0 | Abyss:1  | Reached XP level 1. HP: 18/18 MP: 2/2
     2 | Abyss:1  | Found a corrupted altar of Lugonu.
    44 | Abyss:1  | Noticed a large abomination
    45 | D:1      | Escaped the Abyss
   483 | D:1      | Gained mutation: You regenerate a little health from kills.
                  | [demonic ancestry]
   483 | D:1      | Reached XP level 2. HP: 14/24 MP: 3/3
   821 | D:1      | Found Raxzysop's Assorted Antiques.
  1253 | D:2      | Noticed Robin
  1429 | D:1      | Killed from afar by Robin

Illustrated notes

Levels and vault maps discovered:
D:1:      dpeg_arrival_pits, layout_basic, serial_shops, shop,
          chequers_serial_rivers_small_3, chequers_serial_rivers_micro_d
D:2:      layout_loops_ring, basic_altar, kennysheep_minor_cross,
          serial_bayou_pond_b, minmay_worlds_worst_comb, uniq_robin,
          uniq_natasha, uniq_jessica

Skill      XL: |  1 |
---------------+----+-----
Short Blades   | 2 |  2.8
Fighting       | |  3.0
Armour         | |  1.7
Dodging        | |  0.8
Invocations    | |  2.4

Action                   || total
-------------------------++-------
Melee: Short sword       ||    36
       Dagger            ||     9
Invok: Depart the Abyss  ||     1
  Use: Potion            ||     2
 Stab: Sleeping          ||     1
Armor: Leather armour    ||     8
Dodge: Dodged            ||    26

Table legend: (Time is in decaauts)
 A = Elapsed time spent in this place.
 B = Non-inter-level travel time spent in this place.
 C = Inter-level travel time spent in this place.
 D = Time resting spent in this place.
 E = Time spent auto-exploring this place.
 F = Levels seen in this place.
 G = Mean time per level.
                   A        B        C        D        E       F      G
               +--------+--------+--------+--------+--------+-----+--------+
         Total |   1432 |   1396 |     36 |    126 |   1151 |   3 |  477.3 |
       Dungeon |   1387 |   1351 |     36 |    126 |   1109 |   2 |  693.5 |
         Abyss |     45 |     45 |      0 |      0 |     42 |   1 |   45.0 |
               +--------+--------+--------+--------+--------+-----+--------+

Top non-repeatable levels by time:
     D:1: 1374 daAuts
 Abyss:1: 45 daAuts
     D:2: 12 daAuts
